Map: Rosanegro LE

Players

DkNebulaSoul

  • Race: Terran Terran
  • Spawn Location: 1:00

IagoAbreu - Winner!

  • Race: Zerg Zerg
  • League: Gold
  • Spawn Location: 7:00

VOD

Have the link to the VOD?

Description

Time

  • Played on: March 13, 2018, 1:40 p.m.
  • Length: 6:29
Show
View Real Time Build Order
Export as new Build Order

DkNebulaSoul Terran 

Build Orders:  

Get SALT Encoding   

  12  0:01  SCV  
  13  0:14  SCV  
  14  0:20  Supply Depot  
  14  0:26  SCV  
  15  0:41  SCV  
  16  0:43  Barracks  
  16  0:51  Refinery  
  16  0:53  SCV  
  17  1:05  SCV  
  18  1:17  SCV, Refinery  
  19  1:29  SCV  
  19  1:31  Supply Depot  
  20  1:42  SCV  
  20  1:45  Reaper  
  22  1:59  Command Center  
  22  2:04  SCV  
  23  2:17  SCV, Reaper  
  23  2:22  Supply Depot  
  25  2:29  SCV  
  26  2:41  SCV  
  27  2:49  Reaper  
  28  2:53  SCV  
  29  3:12  SCV  
  30  3:13  Refinery  
  30  3:31  SCV  
  30  3:32  SCV  
  32  3:42  Factory  
  32  3:44  SCV  
  32  3:46  Barracks Tech Lab  
  32  3:56  SCV  
  32  4:08  SCV  
  33  4:10  Marine  
  33  4:14  Orbital Command  
  34  4:21  SCV  
  35  4:25  Stimpack  
  35  4:28  Marine, Supply Depot  
  36  4:32  Barracks  
  36  4:33  SCV  
  37  4:39  Refinery  
  37  4:42  Hellion  
  37  4:45  SCV  
  40  4:46  Marine  
  41  4:57  SCV  
  42  5:03  Hellion  
  42  5:04  Marine  
  45  5:09  SCV  
  46  5:17  Engineering Bay  
  46  5:21  SCV, Marine, Barracks Reactor  
  46  5:25  Hellion, Starport  
  50  5:33  SCV  
  51  5:39  Marine  
  51  5:40  Ghost Academy  
  52  5:45  SCV  
  52  5:46  Hellion  
  55  5:57  Marine, SCV  
  57  6:09  SCV  
Show
View Real Time Build Order
Export as new Build Order

IagoAbreu Zerg - Winner!

Build Orders: Hatch First 

Get SALT Encoding   

  12  0:28  Hatchery  
  11  0:36  Overlord  
  11  0:44  Drone  
  11  0:46  Drone  
  13  0:51  Drone  
  14  1:00  Overlord  
  14  1:17  Spawning Pool  
  13  1:25  Drone x2  
  15  1:27  Extractor  
  15  1:30  Extractor  
  13  1:37  Drone  
  14  1:43  Overlord  
  14  1:50  Drone  
  15  2:02  Drone  
  15  2:07  Queen  
  18  2:12  Queen  
  20  2:26  Drone x3  
  20  2:28  Drone  
  24  2:41  Drone  
  24  2:42  Drone  
  24  2:43  Drone  
  27  2:50  Zergling x2  
  28  2:54  Zergling x2  
  28  2:58  Zergling x2  
  30  3:03  Metabolic Boost  
  30  3:31  Zergling x8  
  30  3:32  Zergling x2  
  35  3:38  Zergling x4  
  35  3:39  Zergling x8  
  41  4:15  Lair  
  41  4:16  Burrow  
  41  4:21  Evolution Chamber  
  40  4:25  Baneling Nest  
  40  4:28  Drone x2  
  40  4:29  Drone x3  
  44  4:32  Overlord x2  
  44  4:34  Overlord  
  44  5:13  Baneling x5  
  44  5:14  Baneling x3  
  44  5:17  Drone x2  
  44  5:18  Drone x6  
  52  5:21  Zergling x6  
  52  5:22  Zergling x4  
  57  5:40  Extractor  
  56  5:43  Extractor  
  56  5:48  Spire  
  54  5:50  Infestation Pit  
Tags
 
League
Gold
Matchup
TvZ
Spawn Locations
Cross Positions
Add a new tag
Caveats
  • Supply blocks, unpowered buildings, or Contaminate may cause inaccurate times.
  • Supply counts are checked every 10 seconds.